 Dungeon Crawl Stone Soup version 0.22-a0-422-g9628fc8 (webtiles) character file.

43 Ijustatesigmund the Cudgeler (level 3, -5/36 HPs)
             Began as a Troll Fighter on May 17, 2018.
             Slain by a worm (7 damage)
             ... on level 2 of the Dungeon.
             The game lasted 00:01:48 (806 turns).

Ijustatesigmund the Cudgeler (Troll Fighter)         Turns: 806, Time: 00:01:49

Health: -5/36      AC:  9    Str: 24    XL:     3   Next: 37%
Magic:  2/2        EV:  8    Int:  4    God:
Gold:   73         SH:  8    Dex: 10    Spells: 2/2 levels left

rFire    . . .     SeeInvis .   a - +0 flail
rCold    . . .     Gourm    +   c - +0 shield
rNeg     . . .     Faith    .   b - +0 robe
rPois    .         Spirit   .   (helmet restricted)
rElec    .         Reflect  .   (no cloak)
rCorr    .         Harm     .   (gloves unavailable)
MR       .....                  (boots unavailable)
Stlth    +.........             (no amulet)
HPRegen  0.52/turn              h - +4 ring of protection
MPRegen  0.08/turn              (no ring)

@: lethally poisoned (-5 -> -6)
A: large, unfitting armour, claws 3, fast metabolism 3, gourmand, regeneration
1, shaggy fur 1, tough skin 2
a: no special abilities


You were on level 2 of the Dungeon.
You were very full.

You visited 1 branch of the dungeon, and saw 2 of its levels.

You collected 73 gold pieces.

Inventory:

Hand Weapons
 a - a +0 flail (weapon)
Armour
 b - a +0 robe (worn)
 c - a +0 shield (worn)
Jewellery
 h - a +4 ring of protection (left claw)
Potions
 d - a potion of might
 e - a potion of agility
Comestibles
 f - 4 rations


   Skills:
 - Level 2.4 Fighting
 + Level 3.5 Maces & Flails
 - Level 2.4 Dodging
 - Level 2.4 Shields


You had 2 spell levels left.
You didn't know any spells.
Your spell library was empty.

Dungeon Overview and Level Annotations

Branches:
Dungeon (2/15)

Altars:


Innate Abilities, Weirdness & Mutations

You are too large for most types of armour.
You have claws for hands.
Your metabolism is lightning-fast.
You like to eat raw meat.
Your natural rate of healing is unusually fast.
You are covered in fur. (AC +1)
You have very tough skin. (AC +2)


Message History

The worm is severely wounded.
You feel sick. The worm bites you!
* * * LOW HITPOINT WARNING * * *
You hit the worm.
The worm is almost dead.
The worm bites you.
* * * LOW HITPOINT WARNING * * *
It was a potion of flight.
You feel very buoyant.
You fly up into the air.
* * * LOW HITPOINT WARNING * * *
You feel sick.
It was a potion of cancellation.
Your magical effects are unravelling.
You feel magically purged.
You float gracefully downwards.
You block the worm's attack.
You barely miss the worm.
The worm is severely wounded.
The worm bites you!
You die...

. .. ... #
... #.# ..
..#...###.#
..>....@w.#
..#.#######


You could see a worm.

Vanquished Creatures
  A gnoll (D:1)
  An adder (D:2)
  2 dart slugs (D:1)
  A giant cockroach (D:1)
  3 hobgoblins (D:1)
  3 bats (D:1)
  2 frilled lizards (D:1)
  2 goblins (D:1)
  2 kobolds (D:1)
  6 rats (D:1)
23 creatures vanquished.

Notes
Turn   | Place    | Note
-------+----------+-------------------------------------------
     0 | D:1      | Ijustatesigmund the Troll Fighter began the quest for the Orb.
     0 | D:1      | Reached XP level 1. HP: 22/22 MP: 0/0
    74 | D:1      | Reached skill level 2 in Maces & Flails
   312 | D:1      | Reached XP level 2. HP: 19/29 MP: 1/1
   354 | D:1      | Reached skill level 3 in Maces & Flails
   410 | D:1      | Reached XP level 3. HP: 32/36 MP: 2/2
   803 | D:2      | HP: 1/36 [worm (5)]
   806 | D:2      | Slain by a worm

Vault maps used:
D:1:      onia_arrival_pentagram, serial_corexii_hall, corexii_hall_statues_i,
          corexii_hall_statues_l
D:2:      serial_curves, eino_curves_04, eino_curves_02, eino_curves_03,
          eino_curves_03, minmay_goblin_outpost

Skill      XL: |  1  2 |
---------------+-------+-----
Maces & Flails | 2 3 |  3.5
Fighting       | |  2.4
Dodging        | |  2.4
Shields        | |  2.4

Action                   || total
-------------------------++-------
Melee: Flail             ||   105
  Use: Scroll            ||     4
       Potion            ||     2
  Eat: Chunk             ||    12
Armor: Robe              ||    45
Dodge: Dodged            ||    37
Block: Shield            ||    60

Table legend:
 A = Spawn XP
 B = Non-spawn XP
 C = Spawn XP percentage of total XP
 D = Spawn monster count
 E = Non-spawn monster count
 F = Spawn count percentage of total count
 G = Total turns spent on level
                    A         B        C        D         E        F      G
               +---------+---------+-------+---------+---------+-------+---------
         Total |       0 |      62 |   0.0 |       0 |      23 |   0.0 |   806
               +---------+---------+-------+---------+---------+-------+---------
           D:1 |       0 |      49 |   0.0 |       0 |      22 |   0.0 |   767
           D:2 |       0 |      13 |   0.0 |       0 |       1 |   0.0 |    39
               +---------+---------+-------+---------+---------+-------+---------
